 Dungeon Crawl Stone Soup version 0.29-a0-322-g68df515428 (webtiles) character file.

Game seed: 8022724598923118511

1885 Murumi the Covert (level 8, -3/48 HPs)
             Began as a Vampire Enchanter on Apr 9, 2022.
             Slain by MrShunz's ghost (6 damage)
             ... on level 5 of the Dungeon.
             The game lasted 00:22:03 (7092 turns).

Murumi the Covert (Vampire Enchanter)               Turns: 7092, Time: 00:22:03

Health: -3/48      AC:  7    Str:  7    XL:     8   Next: 92%
Magic:  6/13       EV: 13    Int: 17    God:
Gold:   15         SH:  7    Dex: 23    Spells: 3/14 levels left

rFire   . . .      SeeInvis +   a - +2 dagger
rCold   + + +      Faith    .   p - +2 buckler {AC+3}
rNeg    + + +      Spirit   .   b - +0 robe
rPois   ∞          Reflect  .   (no helmet)
rElec   .          Harm     .   l - scarf {shadows}
rCorr   .          Rampage  .   (no gloves)
Will    .....                   y - +1 pair of boots {Fly}
Stlth   +++++++...              (no amulet)
HPRegen 0.00/turn               o - ring "Siatoreq" {rC+ Dex+6 Slay+2}
MPRegen 0.13/turn               q - ring of Zexemoqiy {Wiz rC++}

@: confusing by touch, flying, bloodless, inhibited regen
A: bloodless, fangs 3, see invisible, vampiric 2
a: Bat Form, Revivify


You were on level 5 of the Dungeon.
You visited 1 branch of the dungeon, and saw 5 of its levels.
You also visited: Sewer.

You collected 300 gold pieces.
You spent 285 gold pieces at shops.

Inventory:

Hand Weapons
 a - a +2 dagger (weapon)
Armour
 b - a +0 robe (worn)
 l - a scarf of shadows (worn)
 p - a +2 buckler of protection (worn)
 s - an orb of guile
 y - a +1 pair of boots of flying (worn)
Jewellery
 o - the ring "Siatoreq" (left hand) {rC+ Dex+6 Slay+2}
   (You acquired it in a sewer)

   [ring of dexterity]

   Dex:       It affects your dexterity (+6).
   Slay:      It affects your accuracy & damage with ranged weapons and melee
   (+2).
   rC:        It protects you from cold.
 q - the ring of Zexemoqiy (right hand) {Wiz rC++}
   (You acquired it in a sewer)

   [ring of wizardry]

   It improves your spell success rate.
   rC:        It greatly protects you from cold.
Wands
 t - a wand of iceblast (6)
Scrolls
 h - 2 scrolls of torment
 m - 2 scrolls of enchant weapon
 n - a scroll of vulnerability
 u - a scroll of teleportation
 w - 2 scrolls of fog
 x - 3 scrolls of fear
Potions
 c - a potion of invisibility
 d - a potion of haste
 e - 2 potions of curing
 g - 5 potions of heal wounds
 i - 3 potions of might
 j - a potion of cancellation {unknown}
 k - a potion of degeneration {unknown}
 r - a potion of berserk rage {unknown}
 v - 2 potions of mutation {unknown}


   Skills:
 - Level 4.0 Fighting
 - Level 5.0 Short Blades
 - Level 1.0 Armour
 - Level 3.0 Dodging
 - Level 10.0 Stealth
 - Level 1.0 Shields
 + Level 3.5 Spellcasting
 - Level 1.0 Conjurations
 - Level 9.0 Hexes
 - Level 2.0 Ice Magic
 - Level 1.0 Evocations


You had 3 spell levels left.
You knew the following spells:

 Your Spells              Type           Power      Damage    Failure   Level
a - Ensorcelled Hibernat  Hex/Ice        42%        N/A       1%          2
b - Confusing Touch       Hex            33%        N/A       1%          3
c - Tukima's Dance        Hex            33%        N/A       1%          3
d - Dazzling Flash        Conj/Hex       40%        N/A       3%          3

Your spell library contained the following spells:

 Spells                   Type           Power      Damage    Failure   Level
 Summon Guardian Golem    Hex/Summ       18%        N/A       4%          3
 Summon Small Mammal      Summ           12%        N/A       9%          1
 Ozocubu's Armour         Ice            9%         N/A       12%         3
 Sublimation of Blood     Necr           3%         N/A       14%         2
 Call Canine Familiar     Summ           3%         N/A       26%         3
 Metabolic Englaciation   Hex/Ice        10%        N/A       26%         5
 Petrify                  Tmut/Erth      3%         N/A       63%         4
 Irradiate                Conj/Tmut      2%         3d14      87%         5
 Simulacrum               Ice/Necr       3%         N/A       100%        6


Dungeon Overview and Level Annotations

Branches:
Dungeon (5/15)              Sewer (visited)
 Temple: D:4-7

Altars:
Makhleb
Trog

Shops:
D:1 *   D:2 (

Annotations:
D:5 MrShunz's ghost, novice DECj


Innate Abilities, Weirdness & Mutations

You do not regenerate when monsters are visible.
You are frail without blood (-20% HP).
You can heal yourself when you bite living creatures.
You are immune to poison.
You have razor-sharp teeth.
You have supernaturally acute eyesight. (SInv)
You are afflicted with vampirism and can become a bat while bloodless.


Message History

Hemabe71's ghost is moderately damaged.
Hemabe71's ghost misses you.
You hit hemabe71's ghost but do no damage.
Hemabe71's ghost is moderately damaged.
MrShunz's ghost says, "I have spells for any situation."
Hemabe71's ghost misses you.
You strike the helpless hemabe71's ghost from behind!
You impale hemabe71's ghost!!
Hemabe71's ghost is severely damaged.
You hit hemabe71's ghost but do no damage.
You bite hemabe71's ghost, but do no damage.
Hemabe71's ghost is severely damaged.
Hemabe71's ghost completely misses MrShunz's ghost.
You catch the helpless hemabe71's ghost completely off-guard!
You perforate hemabe71's ghost like a sieve!!!
You destroy hemabe71's ghost!
MrShunz's ghost gestures at you while chanting.
The magic dart hits you.
* * * LOW HITPOINT WARNING * * *
Training target 10.0 for Stealth reached!
Your Stealth skill increases to level 10!
You need to enable at least one skill for training.
Training target 9.0 for Hexes reached!
Your Hexes skill increases to level 9!
You need to enable at least one skill for training.
Training target 4.0 for Fighting reached!
Your Fighting skill increases to level 4!
You need to enable at least one skill for training.
You block MrShunz's ghost's attack.
Casting: Confusing Touch (safe; 1% risk of failure)
Confirm with . or Enter, or press ? or * to list all spells.
Your hands begin to glow red.
MrShunz's ghost hits you.
* * * LOW HITPOINT WARNING * * *
You closely miss MrShunz's ghost.
MrShunz's ghost is moderately damaged.
MrShunz's ghost hits you but does no damage.
You hit MrShunz's ghost but do no damage.
MrShunz's ghost is moderately damaged.
MrShunz's ghost hits you.
You die...

# #8....#..# #......#.... ##
......#..# #########...# .#
(.....'..## #...........#
.######8.....'...# #.###########
.'....#$.....'...# #.##.........
.####.#?.....#...####.##.########
.# #.##8....#.....##.##.# .#
#..##(♣⌠♣###W####'##.# .#
#...#### #@#.....#.# .# #<>..#
#.#.....#.# ######...#
#.#.....#<# ........##
#.#.....#.# ######### #.#.....#.#
#......# #.#.....#.# #.####^#
#.#.....#.#### #.#
#.#########!#...†.#....# #.#
#..........)#.....#..#.#


You could see MrShunz's ghost.

Vanquished Creatures
  The ghost of hemabe71 the Charlatan, a novice HuAr of Okawaru (D:5)
  The ghost of Morbidden the Covered, an amateur DsFi (D:5)
  A steam dragon (D:4)
  Pargi (Sewer)
  An ogre (D:4)
  A black bear (D:4)
  A bullfrog (D:5)
  3 scorpions
  A howler monkey (D:4)
  3 hounds (D:5)
  3 orc priests (D:5)
  3 iguanas
  11 adders
  A gnoll (D:1)
  3 ufetubi
  A dart slug (D:3)
  8 orcs
  4 ball pythons
  10 endoplasms
  3 giant cockroaches
  10 goblins
  6 hobgoblins
  10 jackals
  6 quokkas
  5 bats
  2 frilled lizards
  10 kobolds
  4 rats
114 creatures vanquished.

Notes
Turn   | Place    | Note
-------+----------+-------------------------------------------
     0 | D:1      | Murumi the Vampire Enchanter began the quest for the Orb.
     0 | D:1      | Reached XP level 1. HP: 13/13 MP: 3/3
    38 | D:1      | Reached skill level 5 in Stealth
    38 | D:1      | Reached XP level 2. HP: 14/19 MP: 5/5
    45 | D:1      | Learned a level 2 spell: Ensorcelled Hibernation
   616 | D:1      | Reached skill level 5 in Hexes
   742 | D:1      | Found Woac Gum's General Store.
  1103 | D:2      | Gained mutation: You are afflicted with vampirism and can
                  | become a bat while bloodless. [Vampire growth]
  1103 | D:2      | Reached XP level 3. HP: 19/19 MP: 3/6
  1212 | D:2      | Reached skill level 1 in Fighting
  1216 | D:2      | Learned a level 3 spell: Confusing Touch
  1485 | D:1      | Bought a scroll of identify for 26 gold pieces
  1556 | D:1      | Bought a scroll of identify for 26 gold pieces
  1651 | D:2      | Reached skill level 1 in Ice Magic
  1657 | D:2      | Reached XP level 4. HP: 25/25 MP: 2/7
  2260 | D:2      | Found Qagodiq's Weapon Shoppe.
  2464 | D:3      | Reached skill level 6 in Stealth
  2464 | D:3      | Reached XP level 5. HP: 30/30 MP: 5/8
  2468 | D:3      | Learned a level 3 spell: Tukima's Dance
  2572 | D:3      | Found a glowing drain.
  2576 | Sewer    | Entered a sewer
  2641 | Sewer    | Reached skill level 1 in Armour
  2737 | Sewer    | Identified 3 scrolls of acquirement
  2737 | Sewer    | Acquired a +1 buckler of protection
  2746 | Sewer    | Acquired the ring of Zexemoqiy {Wiz rC++}
  2749 | Sewer    | Acquired the ring "Siatoreq" {rC+ Dex+6 Slay+2}
  2775 | Sewer    | Noticed Pargi
  2777 | Sewer    | Killed Pargi
  2778 | Sewer    | Reached skill level 7 in Stealth
  2778 | Sewer    | Reached skill level 1 in Shields
  2932 | D:3      | Reached XP level 6. HP: 35/35 MP: 6/9
  2975 | D:1      | Bought a scroll of torment for 97 gold pieces
  3641 | D:4      | Found a large runed translucent door.
  3641 | D:4      | Found a large runed translucent door.
  4422 | D:4      | Reached skill level 8 in Stealth
  4914 | D:4      | Reached XP level 7. HP: 40/40 MP: 10/10
  4917 | D:4      | Noticed a steam dragon
  4923 | D:4      | Killed a steam dragon
  5024 | D:4      | Found a bloodstained altar of Trog.
  5114 | D:4      | Found a burning altar of Makhleb.
  5140 | D:5      | Entered Level 5 of the Dungeon
  5988 | D:1      | Bought 3 scrolls of fear for 136 gold pieces
  6175 | D:5      | Reached skill level 9 in Stealth
  6179 | D:5      | Learned a level 3 spell: Dazzling Flash
  6382 | D:5      | Found a runed translucent gate.
  6384 | D:5      | Found a runed translucent gate.
  6421 | D:5      | Found a runed translucent gate.
  6422 | D:5      | Noticed MrShunz's ghost (novice DECj)
  6422 | D:5      | Noticed hemabe71's ghost (novice HuAr)
  6422 | D:5      | Noticed Morbidden's ghost (amateur DsFi)
  6444 | D:5      | Reached XP level 8. HP: 35/46 MP: 7/12
  6797 | D:5      | Reached skill level 1 in Conjurations
  7069 | D:5      | Killed Morbidden's ghost
  7070 | D:5      | Reached skill level 1 in Evocations
  7070 | D:5      | Reached skill level 5 in Short Blades
  7088 | D:5      | Killed hemabe71's ghost
  7089 | D:5      | Reached skill level 10 in Stealth
  7092 | D:5      | Slain by MrShunz's ghost

Illustrated notes

Levels and vault maps discovered:
D:1:      nicolae_arrival_somewhat_less_tricky_arrival, layout_basic,
          serial_shops, shop
D:2:      layout_basic, serial_shops, shop, chequers_serial_rivers_micro_c,
          minmay_tetromino_l4
D:3:      layout_basic, gup_sewer_entry_bowl, st_stairs_8,
          minmay_misc_feat_alley, corexii_item_surrounded_by_moat
D:4:      layout_loops_corners, jmf_multi_god_temple2, serial_co_window_serial,
          co_window_of_opportunity_a, co_window_paths_a, co_window_paths_a,
          co_window_corner_a, co_window_paths_b, co_window_cross_1,
          co_window_corner_a, co_window_broadway_b, co_window_paths_c,
          co_window_corner_cb, co_window_corner_b, co_window_of_opportunity_b,
          co_window_2corner, glass_columns_a, glass_columns_a, glass_columns_c,
          glass_columns_a, glass_columns_b, chequers_serial_rivers_micro_c,
          kennysheep_generic_room_13
D:5:      layout_basic, gammafunk_ghost_cemetery, chequers_hall_statues_corner_a

Skill      XL: |  1  2  3  4  5  6  7  8 |
---------------+-------------------------+-----
Stealth        | 5 6 7 8 9 10 | 10.0
Short Blades   | 2 3 4 5 |  5.0
Hexes          | 5 6 7 9 |  9.0
Dodging        | 3 |  3.0
Fighting       | 1 2 3 4 |  4.0
Ice Magic      | 1 2 |  2.0
Armour         | 1 |  1.0
Shields        | 1 |  1.0
Spellcasting   | 3 |  3.5
Conjurations   | 1 |  1.0
Evocations     | 1 |  1.0

Action                   |  1- 3 |  4- 6 |  7- 9 || total
-------------------------+-------+-------+-------++-------
Melee: Dagger            |    42 |    84 |    75 ||   201
       Bite              |       |     3 |    11 ||    14
 Cast: Ensorcelled Hiber |    12 |    33 |    32 ||    77
       Confusing Touch   |       |       |     5 ||     5
 Abil: Exsanguinate      |     1 |       |       ||     1
       End Transformatio |       |     1 |       ||     1
       Bat Form          |       |     1 |       ||     1
  Use: Potion            |     1 |     1 |       ||     2
       Scroll            |     6 |     9 |     2 ||    17
 Stab: Invisible         |     2 |     1 |       ||     3
       Sleeping          |    23 |    54 |    19 ||    96
       Confused          |       |       |     5 ||     5
       Distracted        |       |       |     1 ||     1
Armor: Robe              |     4 |    16 |    17 ||    37
Dodge: Dodged            |    14 |    53 |    40 ||   107
Block: Buckler           |       |     6 |    14 ||    20

Table legend: (Time is in decaauts)
 A = Elapsed time spent in this place.
 B = Non-inter-level travel time spent in this place.
 C = Inter-level travel time spent in this place.
 D = Time resting spent in this place.
 E = Time spent auto-exploring this place.
 F = Levels seen in this place.
 G = Mean time per level.
                   A        B        C        D        E       F      G
               +--------+--------+--------+--------+--------+-----+--------+
         Total |   7087 |   6272 |    815 |     38 |   5236 |   6 | 1181.2 |
       Dungeon |   6853 |   6038 |    815 |     38 |   5054 |   5 | 1370.6 |
         Sewer |    233 |    233 |      0 |      0 |    182 |   1 |  233.0 |
               +--------+--------+--------+--------+--------+-----+--------+

Top non-repeatable levels by time:
     D:5: 1719 daAuts
     D:4: 1656 daAuts
     D:2: 1347 daAuts
     D:1: 1204 daAuts
     D:3: 926 daAuts
   Sewer: 233 daAuts
